 Dungeon Crawl Stone Soup version 0.26.1-11-gd32895ea62 (webtiles) character file.

Game seed: 12463252555007492774

5691 Tirrikindir the Basher (level 11, -2/81 HPs)
             Began as a Formicid Fighter on July 6, 2021.
             Was an Elder of Zin.
             Slain by Snorg (10 damage)
             ... on level 10 of the Dungeon.
             The game lasted 00:25:44 (9120 turns).

Tirrikindir the Basher (Formicid Fighter)           Turns: 9120, Time: 00:25:45

Health: -2/81      AC: 17    Str: 26    XL:     11   Next: 4%
Magic:  0/15       EV:  9    Int: 10    God:    Zin [****..]
Gold:   408        SH: 13    Dex: 12    Spells: 10/10 levels left

rFire    . . .     SeeInvis +   A - +0 dire flail
rCold    . . .     Faith    .   c - +1 kite shield
rNeg     . . .     Spirit   +   r - +0 plate armour
rPois    ∞         Reflect  .   (helmet unavailable)
rElec    .         Harm     .   p - +0 cloak
rCorr    .         Rampage  .   s - +2 pair of gloves
Will     ++...                  (no boots)
Stlth    ..........             a - amulet of guardian spirit
HPRegen  0.23/turn              B - ring of flight
MPRegen  0.14/turn              x - ring of willpower

@: vitalised, flying
A: permanent stasis, dig shafts and tunnels, four strong arms, antennae 3
a: Dig, Shaft Self, Renounce Religion, Recite, Vitalisation, Imprison, Donate
Gold


You were on level 10 of the Dungeon.
You worshipped Zin.
Zin was greatly pleased with you.
You visited 2 branches of the dungeon, and saw 11 of its levels.
You also visited: Sewer.

You collected 453 gold pieces.
You donated 45 gold pieces to Zin.

Inventory:

Hand Weapons
 m - the +5 whip "Ogreslayer" {protect, *Drain +Fly rPois Dex+3}
   (You found it on level 4 of the Dungeon)

   It grants its wielder temporary protection when it strikes (+7 to AC).
   It affects your dexterity (+3).
   It protects you from poison.
   It lets you fly.
   It causes draining when unequipped.
 A - a +0 dire flail (weapon)
Armour
 c - a +1 kite shield (worn)
 p - a +0 cloak (worn)
 r - a +0 plate armour (worn)
 s - a +2 pair of gloves (worn)
 v - a +1 leather armour of cold resistance
Jewellery
 a - an amulet of guardian spirit (around neck)
 g - a +6 ring of intelligence
 x - a ring of willpower (right hand)
 B - a ring of flight (left hand)
Wands
 z - a wand of iceblast (8)
Scrolls
 b - a scroll of enchant weapon {unknown}
 e - a scroll of brand weapon {unknown}
 j - 9 scrolls of remove curse
 t - a scroll of magic mapping
 u - a scroll of silence {unknown}
 w - a scroll of immolation {unknown}
 y - a scroll of fear
Potions
 f - 5 potions of brilliance
 h - 7 potions of curing
 k - 2 potions of attraction {unknown}
 l - a potion of mutation {unknown}
 n - 4 potions of flight
 o - 2 potions of ambrosia {unknown}
 q - 2 potions of degeneration {unknown}


   Skills:
 + Level 5.7 Fighting
 * Level 9.6 Maces & Flails
 * Level 7.1 Armour
 + Level 3.9 Dodging
 * Level 8.2 Shields
 + Level 6.0 Invocations
 + Level 5.1 Evocations


You had 10 spell levels left.
You didn't know any spells.
Your spell library was empty.

Dungeon Overview and Level Annotations

Branches:
Dungeon (10/15)            Temple (1/1) D:7           Sewer (visited)
   Lair: D:8-11         Orc: D:9-12

Altars:
Ashenzari
Cheibriados
Dithmenos
Elyvilon
Fedhas
Gozag
Hepliaklqana
Kikubaaqudgha
Makhleb
Nemelex Xobeh
Okawaru
Qazlal
Ru
Sif Muna
Trog
Uskayaw
Vehumet
Wu Jian
Xom
Yredelemnul
Zin
The Shining One

Shops:
D:10 *

Annotations:
D:6 2 runed translucent doors
D:10 Snorg


Innate Abilities, Weirdness & Mutations

You cannot be hasted, slowed, berserked, paralysed or teleported.
You can dig through walls and to a lower floor.
Your four strong arms can wield two-handed weapons with a shield.
You have a pair of large antennae on your head. (SInv)


Message History

Snorg is severely wounded.
You block Snorg's attack. x3; Snorg is lost in a daze.
You closely miss Snorg.
Snorg is severely wounded.
Snorg is lost in a daze.
You puncture Snorg!
Snorg is almost dead.
You block Snorg's attack. Snorg claws you. x2
* * * LOW HITPOINT WARNING * * *
You puncture Snorg!
Snorg is almost dead.
Snorg bites you but does no damage. Snorg claws you but does no damage.
Snorg claws you!
* * * LOW HITPOINT WARNING * * *
You completely miss Snorg.
Snorg is almost dead.
You block Snorg's attack. Snorg claws you.
* * * LOW HITPOINT WARNING * * *
You block Snorg's attack. Snorg bites you!
You die...

...... .... ....
<.. ......# ..
...#.# ... ..#T#
....#.#@###
######
....#.....#
#...<# #....##.#
#.#.##
###.....##. #.#.#
####......#
#....####. #.#.#
.........# #....#
#. #.#.#
........###....##
#.# #.#.#
...........##..#
#.# #.#.#
#..........###.#
#.# #.#.#


You could see Snorg (berserk, dazed).

Vanquished Creatures
  2 two-headed ogres
  Erica (D:9)
  2 gargoyles
  A sky beast (D:8)
  3 orc warriors
  An ice beast (D:5)
  A necrophage (D:6)
  An ogre (D:10)
  4 centaurs
  2 big kobolds
  5 bullfrogs
  Blork the orc (D:3)
  A gnoll sergeant (D:5)
  2 scorpions
  2 howler monkeys (D:6)
  A bullfrog zombie (D:7)
  6 hounds
  A centaur zombie (D:7)
  5 orc priests
  3 jellies
  7 orc wizards
  3 bullfrog skeletons
  A centaur skeleton (D:7)
  2 iguanas
  7 worker ants
  A hound zombie (D:7)
  A hound skeleton (D:5)
  A howler monkey zombie (D:7)
  A worker ant zombie (D:7)
  11 gnolls
  A howler monkey skeleton (D:9)
  11 adders
  3 river rats
  2 shadow imps
  A white imp (D:6)
  2 oozes
  An adder skeleton (D:3)
  4 worms
  A dart slug (D:3)
  A leopard gecko (D:1)
  22 orcs
  A ball python (D:3)
  6 bats
  3 giant cockroaches
  2 goblins
  8 hobgoblins
  10 jackals
  6 quokkas
  10 frilled lizards
  A jackal skeleton (D:5)
  A jackal zombie (D:4)
  15 kobolds
  17 rats
209 creatures vanquished.

Notes
Turn   | Place    | Note
-------+----------+-------------------------------------------
     0 | D:1      | Tirrikindir the Formicid Fighter began the quest for the
                  | Orb.
     0 | D:1      | Reached XP level 1. HP: 18/18 MP: 1/1
    77 | D:1      | Reached XP level 2. HP: 22/24 MP: 2/2
   520 | D:1      | Reached XP level 3. HP: 26/29 MP: 3/3
  1457 | D:3      | You fall into a shaft and drop 1 floor!
  1465 | D:4      | Got an encrusted spear
  1465 | D:4      | Identified the +1 spear "Zasixe" {vorpal, rN+} (You found
                  | it on level 4 of the Dungeon)
  1482 | D:4      | Got an ancient whip
  1482 | D:4      | Identified the +5 whip "Ogreslayer" {protect, *Drain +Fly
                  | rPois Dex+3} (You found it on level 4 of the Dungeon)
  1545 | D:4      | Reached skill level 3 in Maces & Flails
  1545 | D:4      | Reached skill level 1 in Dodging
  1545 | D:4      | Reached XP level 4. HP: 32/37 MP: 2/4
  1600 | D:4      | Found a glowing silver altar of Zin.
  1611 | D:3      | Reached XP level 5. HP: 35/42 MP: 3/5
  1683 | D:3      | Found a glowing drain.
  1705 | Sewer    | Entered a sewer
  1888 | Sewer    | Noticed a big kobold
  1926 | Sewer    | Killed a big kobold
  1927 | Sewer    | Reached XP level 6. HP: 47/48 MP: 6/6
  1945 | Sewer    | Found a glowing silver altar of Zin.
  1954 | Sewer    | Became a worshipper of Zin the Law-Giver
  2122 | D:3      | Reached * piety under Zin
  2310 | D:3      | Reached skill level 4 in Maces & Flails
  2433 | D:3      | Noticed Blork the orc
  2853 | D:4      | Reached skill level 5 in Shields
  3050 | D:4      | Reached ** piety under Zin
  3204 | D:5      | Entered Level 5 of the Dungeon
  3247 | D:5      | Reached XP level 7. HP: 51/54 MP: 5/7
  3257 | D:5      | Reached skill level 5 in Maces & Flails
  3424 | D:5      | Reached skill level 6 in Maces & Flails
  3561 | D:5      | Reached XP level 8. HP: 31/60 MP: 3/8
  3740 | D:5      | Reached skill level 7 in Maces & Flails
  4196 | D:6      | Found a shimmering blue altar of Sif Muna.
  4217 | D:6      | Reached skill level 1 in Invocations
  4420 | D:6      | Got a faintly humming leather armour
  4430 | D:6      | Identified the +2 leather armour of Absence {Str+3} (You
                  | found it on level 6 of the Dungeon)
  4471 | D:6      | Reached skill level 1 in Evocations
  4477 | D:6      | Reached skill level 8 in Maces & Flails
  4566 | D:6      | Found a runed translucent door.
  4567 | D:6      | Found a runed translucent door.
  4615 | D:6      | Found an ornate altar of the Wu Jian Council.
  4835 | D:6      | Reached XP level 9. HP: 65/65 MP: 12/12
  4877 | D:6      | Noticed a +0 hand axe
  4878 | D:6      | Noticed a +0 hand axe
  4878 | D:6      | Noticed a two-headed ogre
  4899 | D:6      | Killed a two-headed ogre
  4906 | D:6      | Reached skill level 5 in Armour
  4995 | D:6      | Found a hide-covered altar of Uskayaw.
  5612 | D:7      | Found an opulent altar of Gozag.
  5631 | D:7      | Found a staircase to the Ecumenical Temple.
  5651 | Temple   | Entered the Ecumenical Temple
  5913 | D:7      | Reached *** piety under Zin
  6482 | D:8      | Reached skill level 5 in Invocations
  6482 | D:8      | Reached XP level 10. HP: 64/73 MP: 11/13
  6632 | D:8      | Reached skill level 5 in Fighting
  6926 | D:8      | Found a hazy altar of Hepliaklqana.
  6927 | D:8      | Found a bloodstained altar of Trog.
  6928 | D:8      | Found a basalt altar of Yredelemnul.
  6928 | D:8      | Found a sacrificial altar of Ru.
  6935 | D:8      | Reached skill level 9 in Maces & Flails
  6941 | D:8      | Found a glowing golden altar of the Shining One.
  7063 | D:8      | Noticed a gargoyle
  7085 | D:8      | Killed a gargoyle
  7318 | D:3      | Killed Blork the orc
  7324 | D:3      | Found a shimmering blue altar of Sif Muna.
  7568 | D:9      | Reached **** piety under Zin
  8122 | D:9      | Noticed Erica
  8146 | D:9      | Killed Erica
  8359 | D:9      | Noticed a two-headed ogre
  8383 | D:9      | Killed a two-headed ogre
  8702 | D:10     | Entered Level 10 of the Dungeon
  8703 | D:10     | Found Neasuo's Serpentskin Sales.
  8713 | D:10     | Reached skill level 5 in Evocations
  8865 | D:10     | Noticed a gargoyle
  8877 | D:10     | Killed a gargoyle
  8878 | D:10     | Reached XP level 11. HP: 52/81 MP: 9/15
  9074 | D:10     | Noticed Snorg
  9120 | D:10     | Slain by Snorg

Illustrated notes

Levels and vault maps discovered:
D:1:      dpeg_arrival_erosion, layout_loops_corners, minmay_tetromino_i2
D:2:      layout_rooms
D:3:      layout_basic, portal_sewer_entry_e, tgw_sif
D:4:      layout_basic, general_overflow_altar, minmay_misc_feat_enclosed
D:5:      layout_rooms
D:6:      lemuel_insect_pit, layout_rooms, lemuel_round_altar,
          dancing_weapons_uskayaw, nzn_wu_jian_council_hall,
          minmay_unpleasant_kobolds
D:7:      layout_loops_ring, temple_green, kennysheep_nub, grunt_gozag_statues
D:8:      layout_basic, grunt_temple_overflow_open
D:9:      layout_grid_maze, uniq_erica
D:10:     minmay_skewed_foursquare, layout_basic, orc_0_dummy,
          guppyfry_shop_venom, uniq_snorg
Temple:   nicolae_temple_figure_eight

Skill      XL: |  1  2  3  4  5  6  7  8  9 10 |
---------------+-------------------------------+-----
Shields        | 4 5 6 8 |  8.2
Maces & Flails | 3 4 6 8 9 |  9.6
Dodging        | 1 2 3 |  3.9
Armour         | 4 5 7 |  7.1
Fighting       | 4 5 |  5.7
Invocations    | 4 5 6 |  6.0
Evocations     | 3 4 5 |  5.1

Action                   |  1- 3 |  4- 6 |  7- 9 | 10-12 || total
-------------------------+-------+-------+-------+-------++-------
Melee: Flail             |    93 |       |       |       ||    93
       Whip              |     8 |   219 |   375 |   103 ||   705
       Dire flail        |       |       |       |   173 ||   173
Invok: Vitalisation      |       |       |     2 |     3 ||     5
       Recite            |       |       |       |     2 ||     2
 Abil: Dig               |     1 |       |     4 |    13 ||    18
Evoke: Wand              |       |       |       |     3 ||     3
  Use: Scroll            |     6 |     6 |       |     1 ||    13
       Potion            |       |       |     1 |     5 ||     6
Armor: Scale mail        |    44 |    68 |    39 |       ||   151
       Plate armour      |       |       |    71 |    79 ||   150
Dodge: Dodged            |    25 |    54 |    76 |    59 ||   214
Block: Kite shield       |    48 |    96 |   170 |   134 ||   448
